 Dungeon Crawl Stone Soup version 0.31-a0-408-gb642c7f9a3 (webtiles) character file.

Game seed: 2630149625407049597

221 Sabo the Firebug (level 5, -2/33 HPs)
             Began as an Octopode Fire Elementalist on July 29, 2023.
             Was an Initiate of Qazlal.
             Slain by a killer bee (6 damage)
             ... on level 4 of the Dungeon.
             The game lasted 00:24:23 (4255 turns).

Sabo the Firebug (Octopode Fire Elementalist)       Turns: 4255, Time: 00:24:24

Health: -2/33      AC:  1    Str:  4 (7)  XL:     5   Next: 98%
Magic:  2/9        EV: 13    Int: 23 (26) God:    Qazlal [......]
Gold:   195        SH:  0    Dex: 11 (12) Spells: 6/9 levels left

rFire   . . .        q - +3 lajatang
rCold   . . .        (shield currently unavailable)
rNeg    . . .        (helmet restricted)
rPois   .            (no amulet)
rElec   .            i - +6 ring of intelligence
rCorr   .            k - ring of see invisible
SInv    +            (no ring)
Will    .....        (no ring)
Stlth   +++          (no ring)
HPRegen 0.25/turn    (no ring)
MPRegen 0.11/turn    (no ring)
                     (no ring)

%: no passive effects
@: lethally poisoned (-2 -> -14)
A: almost no armour, amphibious, 8 rings, camouflage 1, gelatinous body 1,
(nimble swimmer 1), tentacles
a: Renounce Religion


You were on level 4 of the Dungeon.
You worshipped Qazlal.
Qazlal was noncommittal.
You visited 1 branch of the dungeon, and saw 4 of its levels.

You collected 195 gold pieces.

Inventory:

Hand Weapons
 e - a +0 sling
 l - a +0 war axe
 q - a +3 lajatang (weapon)
Jewellery
 i - a +6 ring of intelligence (left tentacle)
 k - a ring of see invisible (right tentacle)
Talismans
 s - a serpent talisman
Wands
 v - a wand of charming (10)
Scrolls
 j - a scroll of amnesia {unknown}
 m - a scroll of noise {unknown}
 n - 2 scrolls of fog
 t - a scroll of acquirement {unknown}
 x - a scroll of summoning {unknown}
Potions
 a - a potion of magic
 b - a potion of might {unknown}
 c - 2 potions of enlightenment
 d - 5 potions of curing
 h - a potion of brilliance {unknown}
 o - a potion of lignification
 r - a potion of cancellation {unknown}
 u - a potion of heal wounds {unknown}
 w - a potion of mutation {unknown}


   Skills:
 + Level 1.0 Fighting
 + Level 0.5 Short Blades
 + Level 1.7 Staves
 + Level 2.4 Dodging
 + Level 4.2 Stealth
 + Level 0.5 Unarmed Combat
 + Level 2.7 Spellcasting
 + Level 1.2 Conjurations
 + Level 4.4 Fire Magic


You had 6 spell levels left.
You knew the following spells:

 Your Spells              Type           Power      Damage    Failure   Level
a - Foxfire               Conj/Fire      64%        2x1d7     3%          1
b - Scorch                Fire           46%        2d6       3%          2

Your spell library contained the following spells:

 Spells                   Type           Power      Damage    Failure   Level
 Inner Flame              Hex/Fire       13%        N/A       14%         3
 Volatile Blastmotes      Fire/Tloc      26%        2d12      14%         3
 Vhi's Electric Charge    Tloc/Air       6%         N/A       34%         3
 Flame Wave               Conj/Fire      16%        2d7       36%         4
 Fireball                 Conj/Fire      8%         3d6       71%         5
 Cause Fear               Hex            1%         N/A       75%         4
 Arcjolt                  Conj/Air       3%         1d13      95%         5
 Maxwell's Capacitive Co  Air            1%         ∞         100%        8
 Dragon's Call            Summ           1%         N/A       100%        9


Dungeon Overview and Level Annotations

Branches:
Dungeon (4/15)
 Temple: D:4-7

Altars:
Ashenzari
Nemelex Xobeh
Qazlal
Ru
Yredelemnul


Innate Abilities, Weirdness & Mutations

You cannot wear most types of armour.
You are amphibious.
You can wear up to eight rings at the same time.
Your skin changes colour to match your surroundings (Stealth+).
Your rubbery body absorbs attacks. (AC +1, EV +1)
((You are camouflaged when in or above water. (Stealth+)))
You have tentacles for arms and can constrict up to eight enemies at once.


Message History

Cast which spell? (? or * to list)
You conjure some foxfire!
The killer bee buzzes angrily. x3
The killer bee stings you!
Unknown command.
The killer bee attacks as you move away!
The killer bee misses you.
The foxfire hits the killer bee.
The killer bee is lightly wounded.
The foxfire hits the killer bee.
The killer bee is moderately wounded.
The killer bee closely misses you.
Casting: Foxfire (safe; 3% risk of failure)
Confirm with . or Enter, or press ? or * to list all spells.
Flames lash the killer bee.
The killer bee is almost dead.
The killer bee's fire resistance burns away.
The killer bee barely misses you. The killer bee closely misses you.
The killer bee misses you.
Casting: Scorch (safe; 3% risk of failure)
Confirm with . or Enter, or press ? or * to list all spells.
Flames lash the killer bee.
The killer bee is moderately wounded.
The killer bee's fire resistance burns away.
The killer bee stings you.
You are poisoned.
The killer bee poisons you! The killer bee barely misses you.
Casting: Scorch (safe; 3% risk of failure)
Confirm with . or Enter, or press ? or * to list all spells.
Flames lash the killer bee.
The killer bee is burned terribly!
The killer bee is heavily wounded.
You feel very sick. The killer bee closely misses you.
The killer bee barely misses you. The killer bee stings you!
* * * LOW HITPOINT WARNING * * *
You are more poisoned.
The killer bee poisons you! The killer bee stings you.
* * * LOW HITPOINT WARNING * * *
The killer bee closely misses you. The killer bee barely misses you. x2
The killer bee stings you.
You die...

#...# ...# ...# ...# #..#
##..###### #.y.......
#@yy...... #yy.......
##'###.... #....# ...
#..... #....# . #....#
#....# #....## #....#
#...... #....# +......
#########....#######......


You could see 5 killer bees.

Vanquished Creatures
  The ghost of CraigForest the Sneak, an amateur TeBr (D:3)
  A scorpion zombie (D:3)
  Natasha (D:4)
  2 adders
  An adder zombie (D:3)
  An adder skeleton (D:3)
  2 worms
  4 dart slugs
  4 orcs
  6 bats
  4 endoplasms
  A giant cockroach (D:2)
  2 hobgoblins
  6 jackals
  2 quokkas
  5 ball pythons
  A ball python zombie (D:3)
  2 frilled lizards
  2 goblins
  4 kobolds
  11 rats
63 creatures vanquished.

Vanquished Creatures (others)
  44 foxfires
44 creatures vanquished.

Grand Total: 107 creatures vanquished

Notes
Turn   | Place    | Note
-------+----------+-------------------------------------------
     0 | D:1      | Sabo the Octopode Fire Elementalist began the quest for the
                  | Orb.
     0 | D:1      | Reached XP level 1. HP: 11/11 MP: 3/3
   120 | D:1      | Reached XP level 2. HP: 9/17 MP: 1/5
   774 | D:1      | Reached XP level 3. HP: 21/21 MP: 4/6
  1050 | D:2      | Learned a level 2 spell: Scorch
  2016 | D:3      | Reached XP level 4. HP: 27/27 MP: 4/7
  2151 | D:3      | Found a sparkling altar of Nemelex Xobeh.
  2638 | D:3      | Found a runed translucent gate.
  2638 | D:3      | Found a runed translucent gate.
  2638 | D:3      | Found a runed translucent gate.
  2638 | D:3      | Noticed CraigForest's ghost (amateur TeBr)
  2640 | D:3      | Found a basalt altar of Yredelemnul.
  2719 | D:3      | Found a broken altar of Ashenzari.
  2938 | D:3      | Reached XP level 5. HP: 32/32 MP: 8/8
  3070 | D:3      | Found a sacrificial altar of Ru.
  3268 | D:3      | Found a stormy altar of Qazlal.
  3274 | D:3      | Became a worshipper of Qazlal Stormbringer
  3541 | D:3      | Killed CraigForest's ghost
  3542 | D:3      | Reached skill level 1 in Staves
  4032 | D:4      | Noticed Natasha
  4036 | D:4      | Killed Natasha
  4055 | D:4      | Reached skill level 1 in Fighting
  4128 | D:4      | Upgraded the game from 0.31-a0-369-g8eba5f6939 to
                  | 0.31-a0-408-gb642c7f9a3
  4255 | D:4      | Slain by a killer bee

Illustrated notes

Levels and vault maps discovered:
D:1:      dpeg_arrival_ratfight, layout_rooms, interstate_on_off,
          minmay_tromino_v2
D:2:      layout_rooms, minmay_surrounded
D:3:      layout_basic, nicolae_ru_path_of_blood, ashenzari_altar_1,
          amcnicky_altar_gilded, grunt_qazlal_clouds,
          nicolae_yredelemnul_ghost_church, serial_undead, serial_undead_c,
          serial_undead_e, serial_undead_d, serial_undead_f
D:4:      layout_gridville, mainiacjoe_overflow_alcove_1,
          grunt_decor_resistance, kennysheep_small_square, uniq_natasha

Skill      XL: |  1  2  3  4  5 |
---------------+----------------+-----
Stealth        | 3 4 |  4.2
Fire Magic     | 4 |  4.4
Staves         | 1 |  1.7
Fighting       | 1 |  1.0
Short Blades   | |  0.5
Dodging        | |  2.4
Unarmed Combat | |  0.5
Spellcasting   | |  2.7
Conjurations   | |  1.2

Action                     |  1- 3 |  4- 6 || total
---------------------------+-------+-------++-------
  Melee: Unarmed           |    22 |       ||    22
         Constrict         |     8 |     5 ||    13
         Tentacles         |     7 |     4 ||    11
         War axe           |    15 |       ||    15
         Short sword       |    10 |       ||    10
         Lajatang          |       |    32 ||    32
   Cast: Foxfire           |    24 |     1 ||    25
         Scorch            |     9 |    15 ||    24
    Use: Scroll            |     6 |     3 ||     9
         Potion            |       |     2 ||     2
   Stab: Sleeping          |     1 |     4 ||     5
 Armour: Skin              |     9 |       ||     9
  Dodge: Dodged            |    56 |    28 ||    84
         Form:             |       |     1 ||     1
         Anaconda          |       |     1 ||     1

Table legend: (Time is in decaauts)
 A = Elapsed time spent in this place.
 B = Non-inter-level travel time spent in this place.
 C = Inter-level travel time spent in this place.
 D = Time resting spent in this place.
 E = Time spent auto-exploring this place.
 F = Levels seen in this place.
 G = Mean time per level.
                   A        B        C        D        E       F      G
               +--------+--------+--------+--------+--------+-----+--------+
         Total |   4271 |   4271 |      0 |   1216 |      0 |   4 | 1067.8 |
       Dungeon |   4271 |   4271 |      0 |   1216 |      0 |   4 | 1067.8 |
               +--------+--------+--------+--------+--------+-----+--------+

Top non-repeatable levels by time:
     D:3: 2028 daAuts
     D:1: 1035 daAuts
     D:2: 983 daAuts
     D:4: 224 daAuts
